 Dungeon Crawl Stone Soup version 0.31.0-32-g396128a36d (webtiles) character file.

Game seed: 5395013261370166854

14 KittyFluff the Changeling (level 2, -3/27 HPs)
             Began as a Troll Shapeshifter on Apr 12, 2024.
             Slain by a kobold
             ... wielding a +3 dagger of pain
              (4 damage)
             ... on level 1 of the Dungeon.
             The game lasted 00:01:19 (233 turns).

KittyFluff the Changeling (Troll Shapeshifter)       Turns: 233, Time: 00:01:22

Health: -3/27      AC:  4    Str: 21    XL:     2   Next: 27%
Magic:  1/1        EV:  9    Int:  6    God:
Gold:   10         SH:  0    Dex:  9    Spells: 1/1 levels left

rFire   . .          .
                       - Unarmed
rCold   . . .        (no shield)
rNeg    . . .        a - +0 animal skin
rPois   .            (helmet currently unavailable)
rElec   .            (cloak currently unavailable)
rCorr   .            (gloves unavailable)
SInv    +            (boots unavailable)
Will    .....        (no amulet)
Stlth   +            (no ring)
HPRegen 1.04/turn    (no ring)
MPRegen 0.07/turn

%: no passive effects
@: beast-form
A: beast (slay +1), large, unfitting armour, claws 3, regeneration 1, shaggy fur
1, tough skin 1
a: Begin Untransformation


You were on level 1 of the Dungeon.
You were a hulking beast.
You visited 1 branch of the dungeon, and saw 1 of its levels.

You collected 10 gold pieces.

Inventory:

Hand Weapons
 g - a +0 club
 i - a +0 whip
Missiles
 e - 12 stones (quivered)
Armour
 a - a +0 animal skin (worn)
Talismans
 c - a beast talisman
 d - a flux talisman
Potions
 b - a potion of lignification
 f - a potion of berserk rage {unknown}


   Skills:
 + Level 1.0 Fighting
 + Level 1.8 Dodging
 + Level 3.1 Unarmed Combat
 * Level 3.2 Shapeshifting


You had one spell level left.
You didn't know any spells.
Your spell library was empty.

Dungeon Overview and Level Annotations

Branches:
Dungeon (1/15)

Altars:


Innate Abilities, Weirdness & Mutations

You are a hulking beast.
Your limbs bulge with bestial killing power. (Slay +1)
You are too large for most types of armour.
You have claws for hands.
Your natural rate of healing is unusually fast.
You are covered in fur. (AC +1)
You have tough skin. (AC +1)


Message History

An endoplasm comes into view.
You scratch the hobgoblin but do no damage.
You barely miss the hobgoblin. The hobgoblin barely misses you.
You barely miss the hobgoblin. The hobgoblin barely misses you.
You scratch the hobgoblin but do no damage.
The hobgoblin completely misses you.
You barely miss the hobgoblin. The hobgoblin barely misses you.
You scratch the hobgoblin but do no damage.
The hobgoblin hits you. The kobold barely misses you.
You closely miss the hobgoblin. The hobgoblin closely misses you.
The kobold hits you with a +3 dagger of pain.
You closely miss the hobgoblin. The hobgoblin hits you.
The kobold closely misses you.
You barely miss the hobgoblin. The hobgoblin hits you.
The endoplasm hits you but does no damage.
The kobold hits you with a +3 dagger of pain.
You barely miss the hobgoblin.
The hobgoblin hits you but does no damage.
The endoplasm freezes you.
You are frozen.
The kobold hits you with a +3 dagger of pain.
* * * LOW HITPOINT WARNING * * *
You barely miss the hobgoblin. The hobgoblin hits you.
* * * LOW HITPOINT WARNING * * *
The endoplasm barely misses you. The kobold hits you but does no damage.
You scratch the hobgoblin.
The hobgoblin is moderately wounded.
An endoplasm comes into view.
The hobgoblin barely misses you.
The endoplasm hits you but does no damage.
The kobold hits you with a +3 dagger of pain.
* * * LOW HITPOINT WARNING * * *
As you read the scroll labelled MOOXZYGHANG, it crumbles to dust.
You feel aware of your surroundings.
It was a scroll of revelation.
The hobgoblin barely misses you. The endoplasm freezes you.
You are frozen.
* * * LOW HITPOINT WARNING * * *
The kobold hits you with a +3 dagger of pain.
You die...

*,*,*,,⌠,*,,,,,,,,
#######.#)J..#$*,,,,,,,,
######..##.#⌠.#*,***,,,,
######....#..#.,,,,*,,,,
######....####.,,,,*,,,,
###.....>......,,,,+,,,,
###......####..,,,,****,
###...JgK+.....,,,,,,,,,
###....h.##......#,,,,,,
#####...###......#,,,,,,
#####...†.#......#,,,,,,
#####.....###....#.,,,,,
#####.....###......,,,,,
#####...#####......,,,,,
#####...#.........#**,,,
######......#...,,,,*,,,
#............#,,,,,


You could see 2 endoplasms, a hobgoblin and a kobold.

Vanquished Creatures
  A dart slug (D:1)
  A giant cockroach (D:1)
  A goblin (D:1)
  A hobgoblin (D:1)
  A quokka (D:1)
  A ball python (D:1)
  A bat (D:1)
  A frilled lizard (D:1)
  3 kobolds (D:1)
  2 rats (D:1)
13 creatures vanquished.

Notes
Turn   | Place    | Note
-------+----------+-------------------------------------------
     0 | D:1      | KittyFluff the Troll Shapeshifter began the quest for the
                  | Orb.
     0 | D:1      | Reached XP level 1. HP: 18/18 MP: 0/0
    97 | D:1      | Reached skill level 1 in Fighting
   123 | D:1      | Reached XP level 2. HP: 27/27 MP: 1/1
   233 | D:1      | HP: 1/27 [frozen (3)]
   233 | D:1      | Slain by a kobold

Illustrated notes

Levels and vault maps discovered:
D:1:      mushboom_english_gardens, layout_basic, minmay_hexomino_c4

Skill      XL: |  1 |
---------------+----+-----
Fighting       | 1 |  1.0
Dodging        | |  1.8
Unarmed Combat | |  3.1
Shapeshifting  | |  3.2

Action                     || total
---------------------------++-------
  Melee: Unarmed           ||    54
    Use: Scroll            ||     1
 Armour: Animal skin       ||    43
  Dodge: Dodged            ||    29
